AoeStats
← KaLong

Nomad

507207002Analyzed
4v4 RM · 16d ago on Sep 17, 2026· 37m 57s· 8 players
Game mode
Random Map
Map size
231×231
Population
200
Speed
Normal
Resources
Standard
Victory
Conquest
Starting age
Dark Age
Ending age
Imperial Age
RankedLock teamsTeams togetherTeam positionsShared explorationLock speedFull tech treeHidden civsTurbo modeCheats
Victory
Defeat
🇺🇸 Vietnamese · United States
1688
+12
🇺🇸 Teutons · United States
1655
+13
🇺🇸 Lithuanians · United States
1507
+20
🇺🇸 Persians · United States
1482
+21
🇨🇱 Mapuche · Chile
1678
-20
🇲🇽 Slavs · Mexico
1643
-19
🇻🇪 Ethiopians · Venezuela
1556
-15
🇲🇽 Aztecs · Mexico
1496
-12
嗚
4:27 Loom
14:20 Feudal Age
15:13 Double-Bit Axe
18:31 Castle Age
16:26 Fishing Lines
18:58 Gold Mining
19:35 Medium Warships
19:18 Gillnets
19:44 Bow Saw
21:21 Wheelbarrow
23:04 Clinker Construction
23:06 Careening
23:08 Clinker Construction
25:04 Forging
26:33 Ballistics
26:06 Fletching
27:38 Stone Mining
28:11 Bodkin Arrow
29:37 Padded Archer Armor
30:30 Bloodlines
35:43 Imperial Age
33:49 Thumb Ring
35:18 Leather Archer Armor
36:01 Heavy Cavalry Archer
36:44 Bracer
38:07 Chemistry
倉木華
4:47 Loom
13:58 Feudal Age
15:18 Double-Bit Axe
15:25 Gold Mining
15:53 Horse Collar
18:58 Castle Age
17:49 Stone Mining
21:04 Bow Saw
20:55 Heavy Plow
22:17 Wheelbarrow
26:35 Hand Cart
26:05 Town Watch
28:02 Gold Shaft Mining
29:47 Stone Shaft Mining
30:00 Scale Barding Armor
32:55 Imperial Age
31:41 Chain Barding Armor
32:02 Forging
32:04 Bloodlines
31:55 Husbandry
33:51 Plate Barding Armor
32:37 Cavalier
33:44 Conscription
33:46 Capped Ram
35:26 Iron Casting
35:52 Two-Man Saw
37:07 Blast Furnace
35:38 Savar
BomBomB0
4:30 Loom
13:32 Feudal Age
14:03 Loom
17:28 Castle Age
15:27 Double-Bit Axe
15:52 Horse Collar
18:26 Town Watch
18:52 Bow Saw
19:23 Fletching
20:38 Stone Mining
25:46 Bodkin Arrow
29:11 Ballistics
29:32 Scale Mail Armor
29:57 Fishing Lines
34:10 Wheelbarrow
34:24 Wheelbarrow
33:41 Gillnets
33:44 Gold Mining
36:38 Forging
37:36 Hand Cart
38:13 Stone Shaft Mining
KaLong
11:37 Loom
13:40 Feudal Age
14:19 Feudal Age
18:16 Castle Age
19:47 Scale Barding Armor
19:52 Forging
19:54 Double-Bit Axe
28:56 Wheelbarrow
29:35 Chain Barding Armor
32:10 Iron Casting
31:33 Horse Collar
36:32 Imperial Age
36:37 Elite Leitis
VX | Gengar
3:51 Loom
15:27 Feudal Age
19:12 Castle Age
18:44 Double-Bit Axe
22:00 Bow Saw
26:12 Horse Collar
26:58 Fletching
27:18 Crossbowman
28:42 Heavy Plow
29:30 Bodkin Arrow
32:38 Ballistics
34:45 Wheelbarrow
33:57 Town Watch
36:50 Imperial Age
35:57 Forging
35:48 Scale Mail Armor
36:00 Pikeman
36:40 Squires
36:26 Gambesons
Vx | Boomin
5:40 Loom
13:02 Feudal Age
17:45 Castle Age
16:22 Double-Bit Axe
19:12 Scale Barding Armor
20:22 Bow Saw
21:55 Wheelbarrow
25:24 Hand Cart
25:27 Horse Collar
29:23 Gold Mining
32:41 Imperial Age
32:57 Imperial Age
31:10 Detinets
33:17 Fletching
35:47 Heavy Plow
35:24 Elite Boyar
37:20 Gold Shaft Mining
37:31 Chain Barding Armor
38:04 Bloodlines
37:54 Husbandry
David Rasie
5:10 Loom
15:07 Feudal Age
19:49 Castle Age
18:05 Double-Bit Axe
18:23 Town Watch
19:05 Gold Mining
18:57 Fishing Lines
20:05 Forging
20:44 Medium Warships
20:54 Bow Saw
23:37 Wheelbarrow
24:26 Town Patrol
26:03 Horse Collar
30:04 Fletching
30:38 Ballistics
34:35 Imperial Age
33:42 Gold Shaft Mining
33:25 Bodkin Arrow
33:46 Padded Archer Armor
34:45 Malon
37:59 Chemistry
Jeremy24k
13:14 Loom
14:59 Feudal Age
16:45 Double-Bit Axe
16:41 Horse Collar
20:12 Castle Age
18:49 Town Watch
21:32 Scale Mail Armor
21:42 Forging
22:27 Fletching
24:18 Gold Mining
35:01 Chain Mail Armor
Connection lost

Rejoining the realm…

Still unreachable

The connection could not be restored.

Session expired

The server has moved on; the page needs a fresh start.